 Dungeon Crawl Stone Soup version 0.29-a0-998-g1987434951 (webtiles) character file.

Game seed: 17111676331988145372

1565 vurker the Skirmisher (level 8, -16/74 HPs)
             Began as a Minotaur Hunter on Aug 5, 2022.
             Killed by divine providence
             ... invoked by an orc priest
              (17 damage)
             ... on level 7 of the Dungeon.
             The game lasted 00:09:56 (8380 turns).

vurker the Skirmisher (Minotaur Hunter)             Turns: 8380, Time: 00:09:57

Health: -16/74     AC:  7    Str: 18    XL:     8   Next: 59%
Magic:  7/7        EV: 11    Int:  6    God:
Gold:   347        SH:  0    Dex: 14    Spells: 7/7 levels left

rFire   . . .      SeeInvis +   a - +0 shortbow
rCold   . . .      Faith    .   (shield currently unavailable)
rNeg    . . .      Spirit   .   g - +1 ring mail "Mysaso" {-Cast Will+ rCorr SInv Stlth+}
rPois   .          Reflect  .   (helmet restricted)
rElec   .          Harm     .   (no cloak)
rCorr   +          Rampage  .   e - +0 pair of gloves
Will    +....      NoCast   +   (no boots)
Stlth   ++........              (no amulet)
HPRegen 0.22/turn               n - ring of resist corrosion
MPRegen 0.10/turn               (no ring)

@: about to teleport
A: horns 2, retaliatory headbutt
a: no special abilities


You were on level 7 of the Dungeon.
You visited 1 branch of the dungeon, and saw 7 of its levels.

You collected 429 gold pieces.
You spent 82 gold pieces at shops.

Inventory:

Hand Weapons
 a - a +0 shortbow (weapon)
Armour
 e - a +0 pair of gloves (worn)
   (You found it on level 7 of the Dungeon)
 g - the +1 ring mail "Mysaso" (worn) {-Cast Will+ rCorr SInv Stlth+}
   (You found it on level 6 of the Dungeon)

   SInv:      It lets you see invisible.
   -Cast:     It prevents spellcasting.
   rCorr:     It protects you from acid and corrosion.
   Will:      It increases your willpower.
   Stlth:     It makes you more stealthy.
Jewellery
 h - a ring of fire
   (You found it on level 7 of the Dungeon)
 n - a ring of resist corrosion (left hand)
   (You found it on level 3 of the Dungeon)
Wands
 t - a wand of flame (30)
   (You found it on level 4 of the Dungeon)
 x - a wand of acid (9)
   (You found it on level 7 of the Dungeon)
Scrolls
 b - 3 scrolls of immolation
 c - 2 scrolls of magic mapping
 d - 4 scrolls of teleportation
 j - 6 scrolls of identify
 k - a scroll of blinking
Potions
 f - a potion of mutation
 i - 2 potions of haste
 l - 3 potions of lignification
 m - a potion of cancellation


   Skills:
 + Level 7.8 Fighting
 * Level 10.7 Ranged Weapons
 - Level 2.1 Dodging
 - Level 0.7 Stealth


You had 7 spell levels left.
You didn't know any spells.
Your spell library contained the following spells:

 Spells                   Type           Power      Damage    Failure   Level
 Apportation              Tloc           0%         N/A       65%         1
 Necrotise                Necr           0%         1d4       65%         1
 Shock                    Conj/Air       0%         1d3       65%         1
 Summon Small Mammal      Summ           0%         N/A       65%         1
 Ignite Poison            Fire/Tmut/Pois 0%         N/A       95%         3
 Mephitic Cloud           Conj/Pois/Air  0%         N/A       95%         3
 Portal Projectile        Hex/Tloc       0%         N/A       95%         3
 Swiftness                Air            0%         N/A       95%         3
 Tukima's Dance           Hex            0%         N/A       95%         3
 Airstrike                Air            0%         2d(0-16)  100%        4
 Blade Hands              Tmut           0%         N/A       100%        5
 Freezing Cloud           Conj/Ice/Air   0%         6-21      100%        5


Dungeon Overview and Level Annotations

Branches:
Dungeon (7/15)             Temple (0/1) D:5

Altars:
Sif Muna
Trog

Shops:
D:4 *


Innate Abilities, Weirdness & Mutations

You have a pair of horns on your head.
You reflexively headbutt those who attack you in melee.


Message History

You shoot an arrow. The arrow hits the ufetubus.
You kill the ufetubus!
The orc priest hits you but does no damage.
An orc comes into view. It is wielding a +0 flail.
You shoot an arrow. The arrow hits the orc priest.
The orc priest hits you but does no damage.
You shoot an arrow. The arrow barely misses the orc priest.
The arrow hits the orc!
You kill the orc!
The orc priest invokes the aid of Beogh against you.
Pain shoots through your body!
You shoot an arrow. The arrow barely misses the orc priest.
The arrow hits the orc warrior but does no damage.
The orc priest hits you but does no damage.
The orc warrior hits you from afar with a +0 halberd!
The orc misses you. You furiously retaliate!
You headbutt the orc.
You hear a shout!
You shoot an arrow. The arrow closely misses the orc.
You hear a shout!
The orc priest hits you but does no damage.
An orc priest comes into view. It is wielding a +0 short sword.
The orc barely misses you. You furiously retaliate!
You headbutt the orc.
You kill the orc!
The orc warrior closely misses you. The orc warrior barely misses you.
The orc priest invokes the aid of Beogh against you.
Beogh smites you!
* * * LOW HITPOINT WARNING * * *
As you read the scroll of teleportation, it crumbles to dust.
You feel strangely unstable.
The orc warrior hits you from afar with a +0 halberd!
* * * LOW HITPOINT WARNING * * *
The orc priest closely misses you.
The orc priest mumbles some strange prayers to Beogh against you.
You resist with some effort.
The orc priest attacks as you move away!
The orc priest closely misses you. x2
Things that are here:
a +0 flail; 7 gold pieces Fire: a) +0 shortbow
Aim: an orc priest, wielding a +0 club and wearing a +0 ring mail (heavily wounded, 70% to hit)
You shoot an arrow.
The arrow hits the orc warrior but does no damage.
You hear a shout!
The orc priest hits you with a +0 short sword.
* * * LOW HITPOINT WARNING * * *
The orc warrior hits you from afar with a +0 halberd!
* * * LOW HITPOINT WARNING * * *
The orc priest mumbles some strange prayers to Beogh against you.
Beogh smites you!
You die...

..#..# ##..##
#.#.#
##.#########
.##.#.......#
.........##.#
.##.####.##.# #.#
#.#
#.##.#######.....
#.#
#...oSoo.@o......
#.#
#..#.######...##.
..# ##.### '##
### ... .# ..8..
+ .#.....
#.###...o # ##.o.
#o8S


You could see an orc warrior, a water moccasin, 2 orc priests and an orc.

Vanquished Creatures
  An acid dragon (D:5)
  A black bear (D:5)
  2 ogres
  A centaur (D:6)
  A phantom (D:5)
  A kobold brigand (D:5)
  A bullfrog (D:6)
  A necrophage (D:6)
  2 scorpions
  A howler monkey (D:6)
  2 hounds
  2 jellies
  An orc priest (D:5)
  3 iguanas
  5 orc wizards
  Natasha (thrice) (D:3)
  5 gnolls
  10 adders
  2 ufetubi
  A dart slug (D:1)
  27 orcs
  8 endoplasms
  5 giant cockroaches
  9 goblins
  4 hobgoblins
  7 quokkas
  10 ball pythons
  4 bats (D:1)
  8 frilled lizards
  10 kobolds
  7 rats
145 creatures vanquished.

Notes
Turn   | Place    | Note
-------+----------+-------------------------------------------
     0 | D:1      | vurker the Minotaur Hunter began the quest for the Orb.
     0 | D:1      | Reached XP level 1. HP: 18/18 MP: 0/0
   350 | D:1      | Reached XP level 2. HP: 12/26 MP: 1/1
   542 | D:1      | Reached skill level 5 in Ranged Weapons
   719 | D:1      | Reached XP level 3. HP: 29/31 MP: 2/2
  1660 | D:2      | Reached XP level 4. HP: 38/38 MP: 3/3
  2216 | D:3      | Found a faded altar of an unknown god.
  2231 | D:3      | Found a faded altar of an unknown god.
  2394 | D:3      | Reached skill level 6 in Ranged Weapons
  2490 | D:3      | Noticed Natasha
  2496 | D:3      | Killed Natasha
  2577 | D:3      | Noticed Natasha
  2583 | D:3      | Killed Natasha
  2584 | D:3      | Reached XP level 5. HP: 39/46 MP: 4/4
  2830 | D:3      | Noticed Natasha
  2837 | D:3      | Killed Natasha
  3250 | D:4      | Reached skill level 7 in Ranged Weapons
  3256 | D:4      | Reached XP level 6. HP: 17/53 MP: 5/5
  3614 | D:4      | Found Niab Taiwi's General Store.
  3622 | D:4      | Bought a scroll of blinking for 82 gold pieces
  4066 | D:4      | Reached skill level 5 in Fighting
  4444 | D:5      | Entered Level 5 of the Dungeon
  4477 | D:5      | Reached skill level 8 in Ranged Weapons
  4477 | D:5      | Reached XP level 7. HP: 34/61 MP: 6/6
  4963 | D:5      | Found a staircase to the Ecumenical Temple.
  5849 | D:5      | Reached skill level 9 in Ranged Weapons
  6214 | D:5      | Reached XP level 8. HP: 26/71 MP: 7/7
  6853 | D:6      | Reached skill level 10 in Ranged Weapons
  7891 | D:6      | Identified the +1 ring mail "Mysaso" {-Cast Will+ rCorr
                  | SInv Stlth+}
  8198 | D:7      | Found a bloodstained altar of Trog.
  8247 | D:7      | Found a shimmering blue altar of Sif Muna.
  8380 | D:7      | HP: 1/74 [orc warrior/+0 halberd (13)]
  8380 | D:7      | Killed from afar by an orc priest

Illustrated notes

Levels and vault maps discovered:
D:1:      eino_arrival_druids_welcome, layout_loops_ring, minivault_27
D:2:      layout_basic, kennysheep_nub
D:3:      layout_rooms, hellmonk_ecumenical_altar_the_god_not_taken,
          minmay_close_crescents, uniq_natasha
D:4:      layout_basic, serial_shops, nicolae_shop_stone, minmay_distorted
D:5:      layout_loops_ring, minmay_temple_entry_glassed_door
D:6:      layout_basic
D:7:      layout_loops_ring, ashenzari_conservatory_becter,
          nicolae_sif_muna_little_library, trog_book, grunt_ministairs_13,
          due_unseen_surprise

Skill      XL: |  1  2  3  4  5  6  7  8 |
---------------+-------------------------+-----
Fighting       | 3 4 5 6 7 |  7.8
Ranged Weapons | 5 6 7 8 9 10 | 10.7
Dodging        | |  2.1
Stealth        | |  0.7

Action                   |  1- 3 |  4- 6 |  7- 9 || total
-------------------------+-------+-------+-------++-------
Melee: Shortbow          |       |     3 |     2 ||     5
 Fire: Shortbow          |    97 |   226 |   215 ||   538
  Use: Scroll            |     5 |     6 |     2 ||    13
       Potion            |       |     2 |     1 ||     3
Armor: Chain mail        |    47 |    85 |    98 ||   230
       Leather armour    |     1 |       |       ||     1
       Ring mail         |       |       |    13 ||    13
Dodge: Dodged            |    26 |    65 |    83 ||   174

Table legend: (Time is in decaauts)
 A = Elapsed time spent in this place.
 B = Non-inter-level travel time spent in this place.
 C = Inter-level travel time spent in this place.
 D = Time resting spent in this place.
 E = Time spent auto-exploring this place.
 F = Levels seen in this place.
 G = Mean time per level.
                   A        B        C        D        E       F      G
               +--------+--------+--------+--------+--------+-----+--------+
         Total |   8679 |   8458 |    221 |     55 |   7085 |   7 | 1239.9 |
       Dungeon |   8679 |   8458 |    221 |     55 |   7085 |   7 | 1239.9 |
               +--------+--------+--------+--------+--------+-----+--------+

Top non-repeatable levels by time:
     D:5: 2421 daAuts
     D:6: 1394 daAuts
     D:4: 1388 daAuts
     D:1: 1205 daAuts
     D:3: 1053 daAuts
     D:2: 987 daAuts
     D:7: 227 daAuts
